 Dungeon Crawl Stone Soup version 0.20.1-1-g8b1a95d (console) character file.

53 vuolankoinen the Covered (level 3, 0/34 HPs)
             Began as a Deep Dwarf Fighter on Nov 5, 2017.
             Slain by Sigmund
             ... wielding a +0 scythe
              (9 damage)
             ... on level 2 of the Dungeon.
             The game lasted 00:03:50 (709 turns).

vuolankoinen the Covered (Deep Dwarf Fighter)        Turns: 709, Time: 00:03:51

Health: 0/34       AC:  6    Str: 24    XL:     3   Next: 64%
Magic:  3/3        EV:  7    Int:  8    God:
Gold:   31         SH: 10    Dex: 13    Spells: 2/2 levels left

rFire    . . .     SeeInvis .   b - +0 short sword (venom)
rCold    . . .     Gourm    .   c - +0 shield
rNeg     + . .     Faith    .   r - +0 scale mail
rPois    .         Spirit   .   (no helmet)
rElec    .         Reflect  .   (no cloak)
rCorr    .         Harm     .   (no gloves)
MR       .....                  (no boots)
Stlth    ..........             (no amulet)
Regen    0.0/turn               k - ring of positive energy
MPRegen  0.1/turn               (no ring)

@: mighty, non-regenerating
A: damage resistance, heal wounds, sense surroundings 1, no regeneration
a: Heal Wounds


You were on level 2 of the Dungeon.
You were not hungry.

You visited 1 branch of the dungeon, and saw 2 of its levels.

You collected 31 gold pieces.

Inventory:

Hand Weapons
 a - a +0 war axe
 b - a +0 short sword of venom (weapon)
Missiles
 o - 15 stones (quivered)
Armour
 c - a +0 shield (worn)
 r - a +0 scale mail (worn)
Jewellery
 k - a ring of positive energy (left hand)
Scrolls
 e - 2 scrolls of immolation {unknown}
 h - a scroll of remove curse {unknown}
 i - 2 scrolls of amnesia {unknown}
 m - a scroll of teleportation {unknown}
 q - a scroll of enchant weapon {unknown}
Potions
 j - a potion of brilliance {unknown}
 l - a potion of agility {unknown}
 n - a potion of heal wounds {unknown}
 p - a potion of degeneration {unknown}
Comestibles
 f - a bread ration
 g - a royal jelly


   Skills:
 * Level 3.3 Fighting
 * Level 3.1 Axes
 + Level 3.5 Armour
 + Level 0.4 Dodging
 + Level 3.5 Shields


You had 2 spell levels left.
You didn't know any spells.

Dungeon Overview and Level Annotations

Branches:
Dungeon (2/15)

Altars:

Annotations:
D:2 Sigmund


Innate Abilities, Weirdness & Mutations

You are resistant to damage.
You can heal yourself by infusing magical energy.
You passively map a small area around you.
You do not regenerate.


Message History

You hit the worm.
The worm is poisoned.
The worm is lightly wounded.
Your shield prevents you from hitting the worm.
The worm is lightly wounded.
The worm bites you!
* * * LOW HITPOINT WARNING * * *
You hit the worm.
The worm looks as sick as possible!
The worm is heavily wounded.
You kill the worm!
Sigmund the Dreaded comes into view.
He is wielding a scythe.
Sigmund shouts!
You feel very mighty all of a sudden. Sigmund barely misses you.
You puncture Sigmund!
Sigmund is poisoned.
Sigmund is moderately wounded.
You block Sigmund's attack.
You puncture Sigmund!
Sigmund looks as sick as possible!
Sigmund is severely wounded.
Sigmund hits you with a scythe!
You die...

* * #.......
, ....... ,
** ##.....
#.# * *
..........#
* #... ....#
#..# #..#*
#..###..# *
#<......#
###
#.......#
#.#
###@###.#
#.# #@###.#
#.# #.....#
#.# #.##..#
#.#
#.##..####.#
#.#........#
#.##..####.#
#.##.......#
#..........#
##########.#
#.# #.#


You could see Sigmund.

Vanquished Creatures
  A gnoll (D:1)
  A worm (D:2)
  3 dart slugs (D:1)
  2 leopard geckos (D:1)
  4 bats (D:1)
  A giant cockroach (D:1)
  2 goblins (D:1)
  5 hobgoblins (D:1)
  2 jackals (D:1)
  A ball python (D:1)
  2 frilled lizards (D:1)
  6 kobolds (D:1)
  A rat (D:1)
31 creatures vanquished.

Notes
Turn   | Place    | Note
-------+----------+-------------------------------------------
     0 | D:1      | vuolankoinen the Deep Dwarf Fighter began the quest for the Orb.
     0 | D:1      | Reached XP level 1. HP: 20/20 MP: 1/1
   128 | D:1      | Reached XP level 2. HP: 24/28 MP: 2/2
   247 | D:1      | Reached XP level 3. HP: 21/34 MP: 3/3
   700 | D:2      | Noticed Sigmund
   709 | D:2      | Slain by Sigmund

Skill      XL: |  1  2  3 |
---------------+----------+-----
Fighting       | 3 |  3.3
Axes           | 3 |  3.1
Armour         | |  3.5
Dodging        | |  0.4
Shields        | |  3.5

Action                   || total
-------------------------++-------
Melee: War axe           ||    75
       Short sword       ||     5
  Use: Potion            ||     1
Armor: Scale mail        ||    30
Dodge: Dodged            ||    20
Block: Shield            ||    44
